 Dungeon Sprint DCSS version 0.15-a0-1015-g702813b (webtiles) character file.

18432 MDvedh the Destroyer (level 12, 0/77 HPs)
             Began as a Gargoyle Fighter on May 26, 2014.
             Was the Champion of Vehumet.
             Killed from afar by a manticore (13 damage)
             ... with a volley of spikes
             ... in the Dungeon (Sprint IX: "|||||||||||||||||||||||||||||").
             The game lasted 00:14:12 (5044 turns).

MDvedh the Destroyer (Gargoyle Fighter)             Turns: 5044, Time: 00:14:12

HP   0/77        AC 31     Str 22      XL: 12   Next: 58%
MP  30/32        EV 10     Int 15      God: Vehumet [******]
Gold 1807        SH  0     Dex 12      Spells:  6 memorised,  3 levels left

rFire  + . .     SeeInvis .     q - +2 dire flail (protect)
rCold  . . .     Clarity  .     k - +2 ring mail {rF+}
rNeg   + . .     Conserve +     (no shield)
rPois  +         rCorr    +     a - +2 hat {MR+}
rElec  +         rRot     +     A - +2 cloak {rCorr, Cons}
SustAb .         Spirit   .     c - +0 pair of gloves
rMut   .         Warding  .     r - +0 pair of boots
Gourm  .         NoTele   +     (no amulet)
MR     +....                    t - +3 ring of dexterity
                                s - +3 ring of strength

@: somewhat resistant to hostile enchantments, very unstealthy
A: life protection 1, electricity resistance, unbreathing, petrification
resistance, rot immunity, AC +8
a: Renounce Religion


You were in the Dungeon.
You worshipped Vehumet.
Vehumet was exalted by your worship.
You were not hungry.

You visited 1 branch You collected 1927 gold pieces.
You spent 120 gold pieces at shops.

Inventory:

Hand weapons
 q - a +2,+2 dire flail of protection (weapon)
Armour
 a - a +2 hat of magic resistance (worn)
 c - a +0 pair of gloves (worn)
 k - a +2 ring mail of fire resistance (worn)
 r - a +0 pair of boots (worn)
 A - a +2 cloak of preservation (worn)
Magical devices
 o - a wand of draining (2)
Comestibles
 d - 11 bread rations
 g - 40 strawberries
 z - 10 meat rations
Scrolls
 m - 3 scrolls of remove curse
 n - 2 scrolls of amnesia
 u - a scroll of enchant weapon III
 v - a scroll of enchant weapon II
 w - a scroll of fog
 x - 3 scrolls of enchant armour
 E - a scroll of identify
 F - a scroll of fear
 G - 2 scrolls of blinking
Jewellery
 b - an uncursed ring of protection from fire
 j - a cursed ring of stealth
 s - a +3 ring of strength (left hand)
 t - a +3 ring of dexterity (right hand)
 y - an uncursed ring of protection from cold
Potions
 e - a potion of might
 f - a potion of invisibility
 h - 2 potions of brilliance
 i - 4 potions of magic
 l - 8 potions of curing
 B - a potion of agility
 C - 4 potions of heal wounds
 D - a potion of berserk rage
Magical staves
 p - an uncursed staff of energy


   Skills:
 - Level 10.0 Fighting
 - Level 14.6 Maces & Flails
 - Level 10.0 Armour
   Level 3.2 Shields
 - Level 12.0 Spellcasting
 + Level 16.3 Conjurations
 - Level 2.8 Fire Magic
 + Level 13.0 Air Magic


You had 3 spell levels left.
You knew the following spells:

 Your Spells              Type           Power        Failure   Level  Hunger
a - Lightning Bolt        Conj/Air       ######....   1%          5    ####...
b - Inner Flame           Hex/Fire       ##......     4%          3    None
c - Poisonous Cloud       Conj/Pois/Air  #####.....   7%          6    ######.
d - Freezing Cloud        Conj/Ice/Air   #####.....   7%          6    ######.
e - Conjure Ball Lightni  Conj/Air       ######....   1%          6    ######.
f - Bolt of Fire          Conj/Fire      #####.....   7%          6    ######.


Dungeon Overview and Level Annotations

Branches:
Dungeon (1/1)

Altars:
Cheibriados
Dithmenos
Elyvilon
Fedhas
Gozag
Kikubaaqudgha
Makhleb
Nemelex Xobeh
Okawaru
Qazlal
Sif Muna
Trog
Vehumet
Xom
Yredelemnul
Zin
The Shining One
Beogh
Jiyva
Lugonu

Shops:
D *([?


Innate Abilities, Weirdness & Mutations

You are resistant to torment.
You are immune to poison.
Your stone body is very resilient (AC +8).
You resist negative energy.
You are resistant to electric shocks.
You can survive without breathing.
You are immune to petrification.
You are immune to rotting.


Message History

Unknown command.
You swap places.
Your ball lightning explodes!
The blast of lightning engulfs you!
The blast of lightning engulfs the white very ugly thing.
The white very ugly thing is almost dead.
The blast of lightning engulfs your ball lightning.
Your ball lightning explodes!
The blast of lightning engulfs you! You resist.
* * * LOW HITPOINT WARNING * * *
The blast of lightning engulfs the white very ugly thing.
You kill the white very ugly thing!
Vehumet accepts your kill.
You feel your power returning.
Your Air Magic skill increases to level 13!
There is an open door here.
Unknown command.
The manticore flicks its tail!
The volley of spikes skewers you!
The barbed spikes become lodged in your body.
You die...

▓.......'..........%..'%.
▓▓▓▓▓▓▓▓▓▓▓▓▓▓▓▓▓▓▓▓▓▓▓▓▓
▓.)..)).....))).........)
▓.▓▓▓▓▓▓▓▓▓▓▓▓▓▓▓▓▓▓▓▓▓▓▓
▓...).....).[.'.......[..
▓▓▓▓▓▓▓▓▓▓▓▓▓▓▓▓▓▓▓▓▓▓▓▓▓
▓........................
▓.▓▓▓▓▓▓▓▓▓▓▓▓▓▓▓▓▓▓▓▓▓▓▓
▓.......@.'.%.H.)))))))).
▓▓▓▓▓▓▓▓▓▓▓▓▓▓▓▓▓▓▓▓▓▓▓▓▓


You could see a manticore.

Vanquished Creatures
  Gastronok (D)
  An ettin (D)
  A fire dragon (D)
  A hydra (D)
  A death yak (D)
  5 orc high priests (D)
  A very ugly thing (D)
  An ice devil (D)
  10 orc knights (D)
  3 hill giants (D)
  2 lindwurms (D)
  A black mamba (D)
  A spiny frog (D)
  A kobold demonologist (D)
  4 smoke demons (D)
  A blue devil (D)
  A komodo dragon (D)
  A jumping spider (shapeshifter) (D)
  Sonja (D)
  A giant firefly (D)
  A deep elf mage (D)
  A basilisk (D)
  An elephant slug (D)
  A hungry ghost (D)
  A wraith (D)
  A wolf (D)
  An ogre (D)
  A porcupine (D)
  A brain worm (D)
  3 crocodiles (D)
  A giant slug (D)
  A scorpion (D)
  11 orc warriors (D)
  4 jellies (D)
  A wight (D)
  A crimson imp (D)
  3 orc wizards (D)
  A hound (D)
  2 orc priests (D)
  A worker ant (D)
  A sheep (D)
  3 adders (D)
  A giant mite (D)
  4 worms (D)
  8 orcs (D)
  2 hobgoblins (D)
  2 bats (D)
  A giant newt skeleton (D)
  A giant spore (D)
  2 goblins (D)
  A goblin zombie (D)
  A kobold zombie (D)
  2 rats (D)
106 creatures vanquished.

Vanquished Creatures (others)
  14 ball lightnings (D)
  A vampire mosquito (D)
15 creatures vanquished.

Grand Total: 121 creatures vanquished

Notes
Turn   | Place    | Note
--------------------------------------------------------------
     0 | D        | MDvedh, the Gargoyle Fighter, began the quest for the Orb.
     0 | D        | Reached XP level 1. HP: 14/14 MP: 1/1
   113 | D        | Noticed a worker ant
   113 | D        | Noticed a scorpion
   129 | D        | Killed a worker ant
   129 | D        | Reached skill level 6 in Maces & Flails
   129 | D        | Reached XP level 2. HP: 8/19 MP: 2/2
   129 | D        | Reached XP level 3. HP: 9/23 MP: 3/3
   136 | D        | Killed a scorpion
   136 | D        | Reached skill level 8 in Maces & Flails
   136 | D        | Reached XP level 4. HP: 12/28 MP: 4/4
   143 | D        | Reached skill level 9 in Maces & Flails
   317 | D        | Found a glowing silver altar of Zin.
   317 | D        | Found a glowing golden altar of the Shining One.
   317 | D        | Found an ancient bone altar of Kikubaaqudgha.
   317 | D        | Found a basalt altar of Yredelemnul.
   317 | D        | Found a shimmering altar of Xom.
   317 | D        | Found a radiant altar of Vehumet.
   317 | D        | Found an iron altar of Okawaru.
   318 | D        | Found a burning altar of Makhleb.
   319 | D        | Found a deep blue altar of Sif Muna.
   320 | D        | Found a bloodstained altar of Trog.
   321 | D        | Found a sparkling altar of Nemelex Xobeh.
   322 | D        | Found a white marble altar of Elyvilon.
   323 | D        | Found a roughly hewn altar of Beogh.
   324 | D        | Found a viscous altar of Jiyva.
   325 | D        | Became a worshipper of Vehumet
   326 | D        | Found a corrupted altar of Lugonu.
   327 | D        | Found a blossoming altar of Fedhas.
   328 | D        | Found a snail-covered altar of Cheibriados.
   329 | D        | Found a shadowy altar of Dithmenos.
   330 | D        | Found a stormy altar of Qazlal.
   331 | D        | Found an opulent altar of Gozag.
   375 | D        | Noticed a hill giant
   375 | D        | Noticed an ogre
   375 | D        | Noticed a crimson imp
   380 | D        | HP: 1/28 [hill giant/giant club (27)]
   385 | D        | Killed a hill giant
   385 | D        | Reached skill level 14 in Maces & Flails
   385 | D        | Reached XP level 5. HP: 26/32 MP: 5/5
   385 | D        | Reached XP level 6. HP: 30/37 MP: 6/6
   385 | D        | Reached XP level 7. HP: 33/41 MP: 7/7
   390 | D        | Acquired Vehumet's first power
   390 | D        | Offered knowledge of Sandblast by Vehumet.
   396 | D        | Killed a crimson imp
   401 | D        | Killed an ogre
   483 | D        | Noticed a wraith
   483 | D        | Noticed a kobold demonologist
   483 | D        | Noticed a hill giant
   483 | D        | Noticed a jelly
   483 | D        | Noticed a jumping spider
   483 | D        | Noticed an orc warrior
   484 | D        | Noticed an ice devil
   492 | D        | Killed an ice devil
   495 | D        | Killed a wraith
   497 | D        | Killed a jumping spider
   497 | D        | Reached XP level 8. HP: 46/46 MP: 19/24
   501 | D        | Killed a kobold demonologist
   507 | D        | HP: 2/46 [hill giant/giant club (15)]
   511 | D        | Killed a hill giant
   511 | D        | Acquired Vehumet's second power
   511 | D        | Reached XP level 9. HP: 29/51 MP: 23/29
   524 | D        | Killed a jelly
   525 | D        | Killed a jelly
   526 | D        | Killed a jelly
   526 | D        | Killed a jelly
   526 | D        | Acquired Vehumet's third power
   526 | D        | Killed an orc warrior
   762 | D        | Noticed a hound
   762 | D        | Noticed a black mamba
   762 | D        | Noticed a spiny frog
   762 | D        | Noticed a komodo dragon
   762 | D        | Noticed a porcupine
   763 | D        | Offered knowledge of Freeze by Vehumet.
   767 | D        | Noticed a seven-headed hydra
   769 | D        | Killed a hound
   776 | D        | Killed a black mamba
   776 | D        | Reached skill level 5 in Fighting
   776 | D        | Reached skill level 5 in Armour
   787 | D        | Killed a spiny frog
   797 | D        | Killed a komodo dragon
   811 | D        | Killed a porcupine
  1010 | D        | Killed a seven-headed hydra
  1010 | D        | Offered knowledge of Inner Flame by Vehumet.
  1010 | D        | Reached XP level 10. HP: 30/66 MP: 30/30
  1123 | D        | Learned a level 3 spell: Inner Flame
  1144 | D        | Noticed a wolf
  1144 | D        | Noticed a giant slug
  1144 | D        | Noticed an elephant slug
  1144 | D        | Noticed a crocodile
  1144 | D        | Noticed a crocodile
  1147 | D        | Killed a wolf
  1147 | D        | Offered knowledge of Airstrike by Vehumet.
  1147 | D        | Reached skill level 1 in Fire Magic
  1154 | D        | Killed a giant slug
  1176 | D        | Killed an elephant slug
  1182 | D        | Killed a crocodile
  1184 | D        | Killed a crocodile
  1184 | D        | Reached skill level 10 in Fighting
  1184 | D        | Reached skill level 10 in Armour
  1428 | D        | Offered knowledge of Lightning Bolt by Vehumet.
  1435 | D        | Learned a level 5 spell: Lightning Bolt
  1444 | D        | Noticed a crocodile
  1445 | D        | Noticed a death yak
  1456 | D        | Killed a crocodile
  1456 | D        | Offered knowledge of Poisonous Cloud by Vehumet.
  1456 | D        | Reached skill level 1 in Conjurations
  1456 | D        | Reached skill level 1 in Air Magic
  1467 | D        | Killed a death yak
  1475 | D        | Learned a level 6 spell: Poisonous Cloud
  1598 | D        | Noticed a lindwurm
  1598 | D        | Noticed a brain worm
  1598 | D        | Noticed a giant firefly
  1599 | D        | Noticed a lindwurm
  1606 | D        | Killed a lindwurm
  1606 | D        | Reached skill level 5 in Conjurations
  1613 | D        | Killed a brain worm
  1849 | D        | Killed a giant firefly
  1957 | D        | Offered knowledge of Bolt of Draining by Vehumet.
  1964 | D        | Killed a lindwurm
  1964 | D        | Reached skill level 5 in Air Magic
  2174 | D        | Noticed Sonja
  2201 | D        | Killed Sonja
  2282 | D        | Noticed an ettin
  2282 | D        | Noticed an orc wizard
  2282 | D        | Noticed an orc priest
  2282 | D        | Noticed an orc wizard
  2519 | D        | Killed an orc wizard
  2546 | D        | Killed an ettin
  2546 | D        | Reached XP level 11. HP: 24/72 MP: 21/31
  2788 | D        | Killed an orc priest
  2864 | D        | Killed an orc wizard
  2866 | D        | Noticed an orc priest
  2871 | D        | Killed an orc priest
  2871 | D        | Offered knowledge of Freezing Cloud by Vehumet.
  2879 | D        | Learned a level 6 spell: Freezing Cloud
  2944 | D        | Noticed an orc wizard
  2944 | D        | Noticed an orc knight
  2944 | D        | Noticed an orc warrior
  2944 | D        | Noticed an orc warrior
  2944 | D        | Noticed an orc warrior
  2944 | D        | Noticed an orc warrior
  2944 | D        | Noticed an orc warrior
  2945 | D        | Killed an orc wizard
  2949 | D        | Killed an orc warrior
  2950 | D        | Noticed an orc warrior
  2951 | D        | Killed an orc warrior
  2951 | D        | Killed an orc warrior
  2951 | D        | Offered knowledge of Spellforged Servitor by Vehumet.
  2952 | D        | Noticed an orc warrior
  2952 | D        | Killed an orc warrior
  2952 | D        | Killed an orc warrior
  2953 | D        | Killed an orc warrior
  2953 | D        | Reached skill level 10 in Conjurations
  2954 | D        | Noticed an orc warrior
  2958 | D        | Noticed an orc warrior
  2959 | D        | Killed an orc knight
  2964 | D        | Killed an orc warrior
  2965 | D        | Noticed an orc warrior
  2970 | D        | Killed an orc warrior
  2975 | D        | Killed an orc warrior
  2979 | D        | Killed an orc warrior
  3248 | D        | Found Giqoguim's General Store.
  3248 | D        | Noticed an orc high priest
  3248 | D        | Noticed an orc high priest
  3248 | D        | Noticed an orc knight
  3248 | D        | Noticed an orc knight
  3248 | D        | Noticed an orc knight
  3248 | D        | Noticed an orc knight
  3251 | D        | Noticed an orc knight
  3254 | D        | Killed an orc high priest
  3254 | D        | Offered knowledge of Conjure Ball Lightning by Vehumet.
  3254 | D        | Killed an orc knight
  3255 | D        | Killed an orc knight
  3256 | D        | Killed an orc high priest
  3257 | D        | Noticed an orc high priest
  3276 | D        | Killed an orc knight
  3276 | D        | Reached skill level 10 in Air Magic
  3296 | D        | Killed an orc knight
  3441 | D        | Killed an orc high priest
  3449 | D        | Learned a level 6 spell: Conjure Ball Lightning
  3666 | D        | Noticed an orc knight
  3677 | D        | Killed an orc knight
  3694 | D        | Killed an orc knight
  3895 | D        | Noticed an orc high priest
  3898 | D        | Killed an orc high priest
  3898 | D        | Reached XP level 12. HP: 55/77 MP: 20/32
  4006 | D        | Noticed an orc knight
  4021 | D        | Killed an orc knight
  4021 | D        | Offered knowledge of Bolt of Fire by Vehumet.
  4029 | D        | Learned a level 6 spell: Bolt of Fire
  4100 | D        | Noticed an orc knight
  4101 | D        | Killed an orc knight
  4241 | D        | Noticed an orc high priest
  4264 | D        | Killed an orc high priest
  4477 | D        | Found Truy's Antique Weapon Shoppe.
  4479 | D        | Found Ohoazoxo's Antique Armour Emporium.
  4481 | D        | Found Qinahuer's Magic Scroll Shoppe.
  4492 | D        | Bought a shiny ring mail for 120 gold pieces
  4557 | D        | Noticed Gastronok
  4580 | D        | Killed Gastronok
  4580 | D        | Reached skill level 15 in Conjurations
  4788 | D        | Identified a +2 cloak of preservation (You found it in the Dungeon)
  4806 | D        | Noticed an orc knight
  4806 | D        | Noticed a hungry ghost
  4806 | D        | Noticed a hill giant
  4806 | D        | Noticed a wight
  4806 | D        | Noticed a basilisk
  4806 | D        | Noticed a vampire mosquito
  4808 | D        | Killed a wight
  4808 | D        | Killed a basilisk
  4808 | D        | Killed a vampire mosquito
  4809 | D        | Noticed a deep elf mage
  4809 | D        | Killed a deep elf mage
  4810 | D        | Killed an orc knight
  4812 | D        | Killed a hill giant
  4812 | D        | Killed a hungry ghost
  4816 | D        | Noticed a fire dragon
  4850 | D        | Killed a fire dragon
  4850 | D        | Reached skill level 16 in Conjurations
  5012 | D        | Noticed a white very ugly thing
  5016 | D        | Noticed a manticore
  5041 | D        | Killed a white very ugly thing
  5044 | D        | Killed from afar by a manticore

Action                   |  1- 3 |  4- 6 |  7- 9 | 10-12 || total
-------------------------+-------+-------+-------+-------++-------
Melee: Flail             |    37 |     7 |       |       ||    44
       Dire flail        |       |     8 |    77 |   235 ||   320
 Cast: Lightning Bolt    |       |       |       |    46 ||    46
       Conjure Ball Ligh |       |       |       |     6 ||     6
Evoke: Wand              |       |       |     5 |       ||     5
  Use: Potion            |     2 |     2 |     4 |       ||     8
       Scroll            |       |       |     1 |     1 ||     2
